 Dungeon Sprint DCSS version 0.29-a0-972-g43c84944fd (webtiles) character file.

Game seed: 12589039403430925970

1392 Conn the Arsonist (level 8, -1/46 HPs)
             Began as an Octopode Fire Elementalist on July 31, 2022.
             Slain by a polar bear (19 damage)
             ... while paralysed by a hornet
             ... in the Dungeon (Sprint II: "The Violet Keep of Menkaure").
             The game lasted 00:08:09 (459 turns).

Conn the Arsonist (Octopode Fire Elementalist)       Turns: 459, Time: 00:08:10

Health: -1/46      AC:  1    Str:  7    XL:     8   Next: 68%
Magic:  4/21       EV:  2    Int: 20    God:
Gold:   14         SH:  0    Dex: 12    Spells: 7/26 levels left

rFire   + . .      SeeInvis .     - Unarmed
rCold   . . .      Faith    .   (no shield)
rNeg    . . .      Spirit   .   (helmet restricted)
rPois   .          Reflect  .   (no amulet)
rElec   +          Harm     .   d - ring "Gialuro" {rElec rCorr EV+4}
rCorr   +          Rampage  .   e - ring of fire
Will    .....      NoTele   +   (no ring)
Stlth   ++++......              (no ring)
HPRegen 0.15/turn               (no ring)
MPRegen 0.17/turn               (no ring)
                                (no ring)
                                (no ring)

@: paralysed
A: almost no armour, amphibious, 8 rings, camouflage 1, gelatinous body 1,
(nimble swimmer 1), tentacles, cold resistance 1, electricity resistance
a: no special abilities


You were in the Dungeon.
You visited 1 branch You collected 1727 gold pieces.
You spent 1713 gold pieces at shops.

Inventory:

Jewellery
 d - the ring "Gialuro" (left tentacle) {rElec rCorr EV+4}
   (You bought it in a shop in the Dungeon)

   [ring of evasion]

   EV:        It affects your evasion (+4).
   rElec:     It insulates you from electricity.
   rCorr:     It protects you from acid and corrosion.
 e - a ring of fire (right tentacle)
Potions
 a - 2 potions of magic
 b - a potion of curing
 c - a potion of heal wounds


   Skills:
 + Level 6.3 Dodging
 + Level 6.6 Stealth
 + Level 5.0 Unarmed Combat
 + Level 9.8 Spellcasting
 * Level 4.9 Conjurations
 + Level 1.0 Hexes
 + Level 12.1 Fire Magic


You had 7 spell levels left.
You knew the following spells:

 Your Spells              Type           Power      Damage    Failure   Level
a - Foxfire               Conj/Fire      100%       2x1d9     1%          1
b - Conjure Flame         Conj/Fire      60%        6-21      1%          3
c - Inner Flame           Hex/Fire       53%        N/A       1%          3
d - Flame Wave            Conj/Fire      60%        2d14      1%          4
e - Scorch                Fire           100%       2d10      1%          2
f - Starburst             Conj/Fire      30%        6d9       32%         6

Your spell library contained the following spells:

 Spells                   Type           Power      Damage    Failure   Level
 Ensorcelled Hibernation  Hex/Ice        22%        N/A       9%          2
 Ignition                 Fire           36%        3d11      97%         8


Dungeon Overview and Level Annotations

Branches:
Dungeon (1/1)

Altars:
Cheibriados
Dithmenos
Elyvilon
Fedhas
Gozag
Hepliaklqana
Kikubaaqudgha
Makhleb
Nemelex Xobeh
Okawaru
Qazlal
Ru
Sif Muna
Trog
Uskayaw
Vehumet
Wu Jian
Xom
Yredelemnul
Zin
The Shining One
Jiyva
Lugonu

Shops:
D !:*(([!*[=![=:?

Annotations:
D exclusions: ice statue, oklob plant and orange crystal statue


Innate Abilities, Weirdness & Mutations

You cannot wear most types of armour.
You are amphibious.
You can wear up to eight rings at the same time.
Your skin changes colour to match your surroundings (Stealth+).
Your rubbery body absorbs attacks. (AC +1, EV +1)
((You are camouflaged when in or above water. (Stealth+)))
You have tentacles for arms and can constrict up to eight enemies at once.
Your flesh is cold resistant. (rC+)
You are resistant to electric shocks. (rElec)


Message History

Your Hexes skill increases to level 1!
Your Fire Magic skill increases to level 12!
Unknown command.
Casting: Inner Flame (safe; 1% risk of failure)
Confirm with . or Enter, or press ? or * to list all spells.
Aiming: Inner Flame (safe; 1% risk of failure)
Press: ? - help, Dir - move target, f - yaktaur, p - polar bear
Aim: a yaktaur (chance to affect: 85%)
You feel a surge of power!
The yaktaur is filled with an inner flame.
The polar bear is engulfed in blazing flames.
The yaktaur wields a +0 arbalest.
The yaktaur shoots a bolt.
The bolt completely misses you.
Unknown command.
Casting: Inner Flame (safe; 1% risk of failure)
Confirm with . or Enter, or press ? or * to list all spells.
You feel a surge of power!
Flames lash the polar bear.
The polar bear is heavily wounded.
The polar bear's fire resistance burns away.
The polar bear closely misses you. The polar bear barely misses you.
The polar bear completely misses you.
Unknown command.
Unknown command.
Unknown command.
Casting: Scorch (safe; 1% risk of failure)
Confirm with . or Enter, or press ? or * to list all spells.
You feel a surge of power!
Flames lash the yaktaur.
Flame seeps out of the yaktaur.
The yaktaur is moderately wounded.
The yaktaur's fire resistance burns away.
The polar bear is no longer more vulnerable to fire.
The hornet is engulfed in blazing flames.
The hornet barely misses you. The polar bear completely misses you.
The polar bear misses you. The polar bear completely misses you.
The yaktaur is engulfed in blazing flames.
Flame seeps out of the yaktaur.
The hornet is engulfed in blazing flames.
The hornet stings you.
You suddenly lose the ability to move!
The polar bear bites you!!
You die...

##..#....# ...#
#..####..## #..# $#
#'###.##..# +..# .# [
#.###..#..# #..# .# ?(
.<.'##.'..### ..##.# $)(
#.##.#.#....###...##▓▓▓▓
#'###.##......≈≈hc≈≈≈≈≈≈
#.#####≈≈...§.≈#y#######
.#..#≈≈≈≈≈≈§§§≈#@h._._._
.#.##≈≈≈≈≈≈≈§.≈#_._._._.
#'##≈≈≈≈§≈≈≈≈≈≈#._._._._
≈≈≈≈≈§≈≈≈§§§≈≈≈#_._._._.
+#+++#≈≈≈§§≈§≈≈#._._._..
≈≈≈≈ ##≈§≈###≈≈#_._._...
§≈§≈§≈##≈≈# #≈≈#._._....
§8≈≈≈§§+≈≈# #≈≈#.._.....
≈≈≈≈§≈##≈≈≈≈


You could see 2 polar bears, a yaktaur (inner flame, combustible) and a hornet.

Vanquished Creatures
  A polar bear (D)
  A blink frog (D)
  4 neqoxecs (D)
  Menkaure (D)
  A water moccasin (D)
  4 scorpions (D)
  3 worms (D)
15 creatures vanquished.

Vanquished Creatures (others)
  28 foxfires (D)
28 creatures vanquished.

Grand Total: 43 creatures vanquished

Notes
Turn   | Place    | Note
-------+----------+-------------------------------------------
     0 | D        | Conn the Octopode Fire Elementalist began the quest for the
                  | Orb.
     0 | D        | Reached XP level 1. HP: 11/11 MP: 3/3
     1 | D        | Noticed a boulder beetle
     1 | D        | Noticed a boulder beetle
    21 | D        | Reached skill level 4 in Fire Magic
    21 | D        | Reached XP level 2. HP: 13/17 MP: 0/5
    28 | D        | Noticed an ice statue
    32 | D        | Learned a level 2 spell: Scorch
    33 | D        | Noticed Menkaure
    54 | D        | Noticed a scorpion
    54 | D        | Noticed a scorpion
    59 | D        | Noticed a scorpion
    69 | D        | Killed a scorpion
    70 | D        | Reached skill level 1 in Unarmed Combat
    70 | D        | Reached skill level 6 in Fire Magic
    70 | D        | Reached XP level 3. HP: 21/21 MP: 0/8
    70 | D        | Reached XP level 4. HP: 27/27 MP: 0/9
    70 | D        | Killed a scorpion
    71 | D        | Reached skill level 7 in Fire Magic
    71 | D        | Reached XP level 5. HP: 25/31 MP: 0/11
    74 | D        | Reached skill level 5 in Stealth
    74 | D        | Reached skill level 5 in Spellcasting
    74 | D        | Reached skill level 8 in Fire Magic
   106 | D        | Reached XP level 6. HP: 23/36 MP: 0/14
   113 | D        | Noticed an orange crystal statue
   116 | D        | Found Momulo's Magic Scroll Emporium.
   117 | D        | Found Tumeloge's Jewellery Emporium.
   117 | D        | Found Ceuheg's Armour Shoppe.
   118 | D        | Found Iwuj's Jewellery Emporium.
   118 | D        | Found Roleo's Antique Armour Shoppe.
   118 | D        | Found Caibati's Book Shoppe.
   118 | D        | Found Xeuped Nooq's General Store.
   119 | D        | Found Berhusit's Distillery.
   119 | D        | Found Fydgh's Antique Armour Shoppe.
   119 | D        | Found Diabbus's Distillery.
   119 | D        | Found Suizogov's Weapon Shoppe.
   119 | D        | Noticed a shining eye
   136 | D        | Noticed a shining eye
   141 | D        | Killed Menkaure
   142 | D        | Reached skill level 5 in Dodging
   142 | D        | Reached skill level 9 in Fire Magic
   156 | D        | Found Isobria's Antique Weapon Shoppe.
   156 | D        | Found Aqeadam's General Store.
   156 | D        | Noticed a shining eye
   156 | D        | Noticed an oklob plant
   157 | D        | Found Ycsexaju's Distillery.
   157 | D        | Found Zefoz's Book Shoppe.
   166 | D        | Noticed a redback
   179 | D        | Noticed a water moccasin
   182 | D        | Killed a water moccasin
   183 | D        | Reached skill level 10 in Fire Magic
   183 | D        | Reached XP level 7. HP: 16/41 MP: 3/17
   189 | D        | Learned a level 3 spell: Conjure Flame
   193 | D        | Learned a level 3 spell: Inner Flame
   198 | D        | Learned a level 4 spell: Flame Wave
   206 | D        | Found a glowing golden altar of the Shining One.
   206 | D        | Found an ornate altar of the Wu Jian Council.
   208 | D        | Noticed a neqoxec
   208 | D        | Noticed a neqoxec
   208 | D        | Noticed a neqoxec
   208 | D        | Noticed a neqoxec
   209 | D        | Gained mutation: Your magical capacity is low. (-10% MP) [a
                  | neqoxec]
   210 | D        | Gained mutation: You occasionally lose the ability to drink
                  | potions when taking damage. [a neqoxec]
   213 | D        | Gained mutation: Your magical capacity is very low. (-20%
                  | MP) [a neqoxec]
   216 | D        | HP: 2/41 [neqoxec (5)]
   222 | D        | Killed a neqoxec
   222 | D        | Killed a neqoxec
   223 | D        | Reached skill level 11 in Fire Magic
   223 | D        | Killed a neqoxec
   224 | D        | Reached XP level 8. HP: 3/46 MP: 3/16
   356 | D        | Noticed a blink frog
   359 | D        | Killed a blink frog
   362 | D        | Got the Guide on Frozen Calefaction
   374 | D        | Noticed a wyvern
   374 | D        | Noticed a wyvern
   374 | D        | Noticed a wyvern
   377 | D        | Noticed a flying skull
   378 | D        | Noticed a flying skull
   389 | D        | Bought a scroll of acquirement for 520 gold pieces
   389 | D        | Acquired 998 gold pieces
   398 | D        | Bought the ring "Gialuro" {rElec rCorr EV+4} for 667 gold
                  | pieces
   400 | D        | Bought a ring of fire for 350 gold pieces
   406 | D        | Bought 2 potions of mutation for 176 gold pieces
   406 | D        | Lost mutation: Your magical capacity is very low. (-20% MP)
                  | [potion of mutation]
   406 | D        | Lost mutation: Your magical capacity is low. (-10% MP)
                  | [potion of mutation]
   406 | D        | Gained mutation: Your skin blends seamlessly with your
                  | surroundings (Stealth++). [potion of mutation]
   406 | D        | Lost mutation: Your skin blends seamlessly with your
                  | surroundings (Stealth++). [potion of mutation]
   406 | D        | Gained mutation: You are partially covered in iridescent
                  | scales. (AC +2) [potion of mutation]
   407 | D        | Lost mutation: You occasionally lose the ability to drink
                  | potions when taking damage. [potion of mutation]
   407 | D        | Lost mutation: You are partially covered in iridescent
                  | scales. (AC +2) [potion of mutation]
   407 | D        | Gained mutation: You are resistant to electric shocks.
                  | (rElec) [potion of mutation]
   407 | D        | Gained mutation: Your flesh is cold resistant. (rC+)
                  | [potion of mutation]
   426 | D        | Learned a level 6 spell: Starburst
   438 | D        | Found a stormy altar of Qazlal.
   440 | D        | Found a shimmering altar of Xom.
   440 | D        | Found a sacrificial altar of Ru.
   441 | D        | Found a basalt altar of Yredelemnul.
   441 | D        | Found a shimmering blue altar of Sif Muna.
   441 | D        | Found a viscous altar of Jiyva.
   442 | D        | Found a glowing silver altar of Zin.
   442 | D        | Found a bloodstained altar of Trog.
   442 | D        | Found an ancient bone altar of Kikubaaqudgha.
   443 | D        | Found a hide-covered altar of Uskayaw.
   443 | D        | Found a corrupted altar of Lugonu.
   443 | D        | Found a shadowy altar of Dithmenos.
   444 | D        | Found a radiant altar of Vehumet.
   444 | D        | Found a burning altar of Makhleb.
   444 | D        | Found a white marble altar of Elyvilon.
   445 | D        | Found a sparkling altar of Nemelex Xobeh.
   445 | D        | Found a blossoming altar of Fedhas.
   447 | D        | Found an iron altar of Okawaru.
   447 | D        | Found an opulent altar of Gozag.
   447 | D        | Found a hazy altar of Hepliaklqana.
   447 | D        | Found a snail-covered altar of Cheibriados.
   447 | D        | Noticed a hornet
   447 | D        | Noticed a polar bear
   448 | D        | Noticed a yaktaur
   450 | D        | Noticed a polar bear
   451 | D        | Noticed a polar bear
   455 | D        | Killed a polar bear
   456 | D        | Reached skill level 5 in Unarmed Combat
   456 | D        | Reached skill level 1 in Hexes
   456 | D        | Reached skill level 12 in Fire Magic
   458 | D        | Paralysed by a hornet for 2 turns
   459 | D        | Slain by a polar bear

Illustrated notes

Levels and vault maps discovered:
D:        the_violet_keep_of_menkaure [sprint2_stairs_cluster_1,
          sprint2_shoproom, sprint2_temple, sprint2_basic_supplies,
          sprint2_obstacle_4, sprint2_obstacle_3, sprint2_obstacle_2,
          sprint2_obstacle_1, sprint2_obstacle_5, sprint2_timed_cluster_1,
          sprint2_smallroom_cluster_1, sprint2_smallroom_final_cluster_1,
          sprint2_transparent_cluster_1, sprint2_second_timed_cluster_1,
          sprint2_sniper_area_1, sprint2_heavy_combat_area_1,
          sprint2_mutation_trap_area_1, sprint2_forest_area_1,
          sprint2_light_combat_area_1, sprint2_behind_water_1,
          sprint2_near_end_vault_1]

Skill      XL: |  1  2  3  4  5  6  7  8 |
---------------+-------------------------+-----
Stealth        | 3 4 5 6 |  6.6
Fire Magic     | 4 6 7 8 10 11 12 | 12.1
Dodging        | 3 4 5 6 |  6.3
Unarmed Combat | 1 2 3 4 5 |  5.0
Spellcasting   | 3 4 5 7 8 9 |  9.8
Conjurations   | 2 3 4 |  4.9
Hexes          | 1 |  1.0

Action                   |  1- 3 |  4- 6 |  7- 9 || total
-------------------------+-------+-------+-------++-------
Melee: Unarmed           |     9 |     4 |       ||    13
       Tentacles         |     5 |     2 |       ||     7
       Constrict         |     2 |     1 |       ||     3
 Cast: Foxfire           |     8 |     3 |     6 ||    17
       Scorch            |       |     4 |    12 ||    16
       Inner Flame       |       |       |     4 ||     4
       Conjure Flame     |       |       |     2 ||     2
  Use: Potion            |     2 |       |     3 ||     5
       Scroll            |       |       |     2 ||     2
Armor: Skin              |       |       |     1 ||     1
Dodge: Dodged            |     6 |     2 |    15 ||    23

Table legend: (Time is in decaauts)
 A = Elapsed time spent in this place.
 B = Non-inter-level travel time spent in this place.
 C = Inter-level travel time spent in this place.
 D = Time resting spent in this place.
 E = Time spent auto-exploring this place.
 F = Levels seen in this place.
 G = Mean time per level.
                   A        B        C        D        E       F      G
               +--------+--------+--------+--------+--------+-----+--------+
         Total |    449 |    447 |      2 |     93 |      0 |   1 |  449.0 |
       Dungeon |    449 |    447 |      2 |     93 |      0 |   1 |  449.0 |
               +--------+--------+--------+--------+--------+-----+--------+

Top non-repeatable levels by time:
       D: 449 daAuts
